 Dungeon Crawl Stone Soup version 0.30-a0-121-gb27577e5d9 (webtiles) character file.

Game seed: 8788611710954746577

6 purpskrrrp the Trooper (level 1, -2/18 HPs)
             Began as a Demonspawn Fighter on Sept 15, 2022.
             Frozen to death by an endoplasm (5 damage)
             ... on level 1 of the Dungeon.
             The game lasted 00:00:17 (51 turns).

purpskrrrp the Trooper (Demonspawn Fighter)           Turns: 51, Time: 00:00:18

Health: -2/18      AC:  6    Str: 16    XL:     1   Next: 75%
Magic:  1/1        EV:  8    Int:  9    God:
Gold:   8          SH:  4    Dex: 12    Spells: 0/0 levels left

rFire   . . .      SeeInvis .    a - +0 war axe
rCold   . . .      Faith    .    c - +0 buckler
rNeg    . . .      Spirit   .    b - +0 scale mail
rPois   .          Reflect  .    (no helmet)
rElec   .          Harm     .    (no cloak)
rCorr   .          Rampage  .    (no gloves)
Will    .....                    (no boots)
Stlth   ..........               (no amulet)
HPRegen 0.06/turn                (no ring)
MPRegen 0.07/turn                (no ring)

@: mighty
A: no striking features
a: no special abilities


You were on level 1 of the Dungeon.
You visited 1 branch of the dungeon, and saw 1 of its levels.

You collected 8 gold pieces.

Inventory:

Hand Weapons
 a - a +0 war axe (weapon)
Armour
 b - a +0 scale mail (worn)
 c - a +0 buckler (worn)


   Skills:
 + Level 3.0 Fighting
 * Level 2.0 Axes
 + Level 2.7 Armour
 + Level 0.2 Dodging
 + Level 2.7 Shields


You couldn't memorise any spells.
You didn't know any spells.
Your spell library was empty.

Dungeon Overview and Level Annotations

Branches:
Dungeon (1/15)

Altars:


Message History

The goblin barely misses you.
A dart slug comes into view.
The endoplasm moves out of view.
You barely miss the goblin. The bat hits you but does no damage. x2
The goblin barely misses you. The dart slug launches a dart at you.
The slug dart hits you.
You slash the endoplasm!
You kill the endoplasm!
You slash the goblin!
You kill the goblin!
The bat barely misses you. The bat hits you.
Your Axes skill increases to level 2!
You hit the bat.
You kill the bat!
The bat hits you but does no damage. The bat hits you.
The dart slug barely misses you.
Things that are here:
a +0 club; a goblin corpse You closely miss the bat.
You hit the dart slug. The bat hits you but does no damage. x2
The endoplasm freezes you.
You are frozen.
The dart slug bites you but does no damage.
You hit the dart slug but do no damage.
The dart slug is lightly wounded.
You hit the endoplasm. You hit the bat.
You kill the bat!
The endoplasm freezes you.
You are frozen.
The dart slug bites you but does no damage.
The endoplasm freezes you.
You are frozen.
* * * LOW HITPOINT WARNING * * *
The dart slug closely misses you. The endoplasm attacks as you move away!
The endoplasm closely misses you.
You feel very mighty all of a sudden. The endoplasm freezes you.
You are frozen.
You die...

.~~~~~~~~P.#
~~.~~.~~P..#####
.P....#.........
....>.†)........
.#.......#.....
#.##.#.w#.####
#......w..# .
#########J###
..##.. #...#@#
......####.#.######
###
#.......##[.......#
#.###
#.........#####.#
..#>#####...##>.#
#.....#####..#..#
#.......####....#
###......#.†###.#
#####.......# #...


You could see 2 dart slugs and an endoplasm.

Vanquished Creatures
  A dart slug (D:1)
  An endoplasm (D:1)
  2 bats (D:1)
  A goblin (D:1)
5 creatures vanquished.

Notes
Turn   | Place    | Note
-------+----------+-------------------------------------------
     0 | D:1      | purpskrrrp the Demonspawn Fighter began the quest for the
                  | Orb.
     0 | D:1      | Reached XP level 1. HP: 18/18 MP: 1/1
    51 | D:1      | Frozen to death by an endoplasm

Illustrated notes

Levels and vault maps discovered:
D:1:      dpeg_arrival_long_road, layout_loops_cross,
          ebering_ecumenical_altar_abandoned, serial_bayou_pond_b

Skill      XL: |  1 |
---------------+----+-----
Axes           | 2 |  2.0
Fighting       | |  3.0
Armour         | |  2.7
Dodging        | |  0.2
Shields        | |  2.7

Action                   || total
-------------------------++-------
Melee: War axe           ||     7
  Use: Potion            ||     1
Armor: Scale mail        ||     7
Dodge: Dodged            ||     7

Table legend: (Time is in decaauts)
 A = Elapsed time spent in this place.
 B = Non-inter-level travel time spent in this place.
 C = Inter-level travel time spent in this place.
 D = Time resting spent in this place.
 E = Time spent auto-exploring this place.
 F = Levels seen in this place.
 G = Mean time per level.
                   A        B        C        D        E       F      G
               +--------+--------+--------+--------+--------+-----+--------+
         Total |     54 |     54 |      0 |      0 |     26 |   1 |   54.0 |
       Dungeon |     54 |     54 |      0 |      0 |     26 |   1 |   54.0 |
               +--------+--------+--------+--------+--------+-----+--------+

Top non-repeatable levels by time:
     D:1: 54 daAuts
